 Dungeon Crawl Stone Soup version 0.20.1-1-g8b1a95d (webtiles) character file.

242 Monsterracer the Insei (level 6, -1/38 HPs)
             Began as an Octopode Transmuter on Oct 16, 2017.
             Was a Believer of Dithmenos.
             Slain by a crimson imp (4 damage)
             ... on level 3 of the Dungeon.
             The game lasted 00:04:46 (2357 turns).

Monsterracer the Insei (Octopode Transmuter)        Turns: 2357, Time: 00:04:46

Health: -1/38      AC:  1    Str:  9    XL:     6   Next: 9%
Magic:  9/9        EV: 13    Int: 22    God:    Dithmenos [**....]
Gold:   155        SH:  0    Dex: 13    Spells: 3/9 levels left

rFire    + . .     SeeInvis .     - Unarmed
rCold    + . .     Gourm    .   (no shield)
rNeg     + . .     Faith    +   (helmet restricted)
rPois    +         Spirit   .   o - amulet of faith
rElec    +         Reflect  .   n - ring of positive energy
rCorr    +         Harm     .   (no ring)
MR       .....                  (no ring)
Stlth    +++.......             (no ring)
Regen    0.2/turn               (no ring)
MPRegen  0.2/turn               (no ring)
                                (no ring)
                                (no ring)

@: brilliant, resistant, wreathed by umbra
A: almost no armour, stealthy swim, amphibious, 8 rings, constrict 8, camouflage
1, gelatinous body 1
a: Shadow Step, Renounce Religion


You were on level 3 of the Dungeon.
You worshipped Dithmenos.
Dithmenos was pleased with you.
You were not hungry.

You visited 1 branch of the dungeon, and saw 4 of its levels.

You collected 155 gold pieces.

Inventory:

Hand Weapons
 b - a +0 dagger
Missiles
 a - 78 arrows
Armour
 k - a +1 shield
Jewellery
 n - a ring of positive energy (left tentacle)
 o - an amulet of faith (around mantle)
Scrolls
 h - a scroll of enchant armour
Potions
 d - 2 potions of agility
 i - a potion of ambrosia
 j - 2 potions of curing
 m - a potion of lignification {unknown}
Books
 e - a book of Maledictions

   Spells                             Type                      Level
   a - Corona                         Hexes                        1
   b - Ensorcelled Hibernation        Hexes/Ice                    2
   c - Confuse                        Hexes                        3
   d - Tukima's Dance                 Hexes                        3
   e - Dazzling Spray                 Conjuration/Hexes            3
 p - a book of Changes

   Spells                             Type                      Level
   a - Beastly Appendage              Transmutation                1
   b - Sticks to Snakes               Transmutation                2
   c - Spider Form                    Transmutation/Poison         3
   d - Ice Form                       Ice/Transmutation            4
   e - Blade Hands                    Transmutation                5
Comestibles
 c - 4 bread rations
 g - a meat ration


   Skills:
 - Level 1.0 Fighting
 - Level 2.0 Dodging
 + Level 5.1 Unarmed Combat
 - Level 2.0 Spellcasting
 + Level 4.4 Transmutations


You had 3 spell levels left.
You knew the following spells:

 Your Spells              Type           Power        Failure   Level  Hunger
a - Beastly Appendage     Tmut           #####.       1%          1    #......
b - Sticks to Snakes      Tmut           #####...     1%          2    ##.....
c - Spider Form           Tmut/Pois      ####......   1%          3    ###....


Dungeon Overview and Level Annotations

Branches:
Dungeon (4/15)
 Temple: D:4-7

Altars:
Dithmenos
Kikubaaqudgha
Uskayaw


Innate Abilities, Weirdness & Mutations

You cannot wear most types of armour.
You are very stealthy in the water. (Stealth+)
You are amphibious.
You can wear up to eight rings at the same time.
You can use your tentacles to constrict eight enemies at once.
Your skin changes colour to match your surroundings (Stealth+).
Your rubbery body absorbs attacks. (AC +1, EV +1)


Message History

The orc hits you with a trident! The orc priest hits you with a trident.
Huge Dmg: -34%(-13hp) hp: 56%(21hp)
You tentacle-slap the orc priest but do no damage.
The orc priest is lightly wounded.
You constrict the orc priest. The crimson imp hits you.
* * * LOW HITPOINT WARNING * * *
The scorpion stings you!
* * * LOW HITPOINT WARNING * * *
The orc barely misses you. The orc priest misses you.
Huge Dmg: -32%(-12hp) hp: 24%(9hp)
You tentacle-slap the orc priest but do no damage.
The orc priest is lightly wounded.
You constrict the orc priest.
The crimson imp hits you but does no damage.
The scorpion closely misses you. The orc priest barely misses you.
The orc hits you but does no damage.
Unknown command.
It was a potion of brilliance.
You feel clever all of a sudden.
You constrict the orc priest, but do no damage.
The scorpion misses you. The crimson imp misses you.
The orc priest hits you but does no damage.
The orc hits you with a trident!
* * * LOW HITPOINT WARNING * * *
Huge Dmg: -16%(-6hp) hp: 8%(3hp) It was a potion of resistance.
You feel protected.
You constrict the orc priest, but do no damage.
The crimson imp hits you.
You die...

###.##........##.#
....######.##.##.#
.#### #.......# .#
#.....(.# .#
#.##.##.# .#
######.##.##.## ##
#......##.....#
#####......#####o5#
...........#####@s#
#####............o#
.# #.....#######.##
.## ####### #....#
..## #.#.## #..#
#.### ...# #.#
.#.############.#
.#..............#


You could see a scorpion, an orc priest, a crimson imp and an orc.

Vanquished Creatures
  Sigmund (D:2)
  3 adders
  A worm (D:2)
  A dart slug (D:1)
  3 orcs (D:3)
  4 bats
  5 goblins
  5 hobgoblins
  3 jackals (D:3)
  9 kobolds
  2 ball pythons (D:3)
  6 frilled lizards
  8 rats
51 creatures vanquished.

Notes
Turn   | Place    | Note
-------+----------+-------------------------------------------
     0 | D:1      | Monsterracer the Octopode Transmuter began the quest for the Orb.
     0 | D:1      | Reached XP level 1. HP: 13/13 MP: 3/3
    97 | D:1      | Reached XP level 2. HP: 18/18 MP: 5/5
   101 | D:1      | Learned a level 2 spell: Sticks to Snakes
   635 | D:2      | Found a faded altar of an unknown god.
   651 | D:2      | Became a worshipper of Dithmenos the Shadowed
   651 | D:2      | Reached * piety under Dithmenos
   676 | D:2      | HP: 7/18 [hobgoblin (4)]
   906 | D:2      | Found a hide-covered altar of Uskayaw.
   940 | D:2      | Reached XP level 3. HP: 23/23 MP: 6/6
   945 | D:2      | Learned a level 3 spell: Spider Form
  1182 | D:2      | Noticed Sigmund
  1194 | D:2      | Killed Sigmund
  1194 | D:2      | Reached skill level 4 in Unarmed Combat
  1194 | D:2      | Reached XP level 4. HP: 28/28 MP: 7/7
  1194 | D:2      | Reached XP level 5. HP: 33/33 MP: 8/8
  1513 | D:3      | Reached ** piety under Dithmenos
  1521 | D:3      | Reached skill level 5 in Unarmed Combat
  1640 | D:3      | Reached XP level 6. HP: 36/38 MP: 9/9
  2349 | D:4      | Found an ancient bone altar of Kikubaaqudgha.
  2354 | D:3      | HP: 18/38 [crimson imp (3)]
  2356 | D:3      | HP: 3/38 [orc/trident (7)]
  2357 | D:3      | Slain by a crimson imp

Skill      XL: |  1  2  3  4  5 |
---------------+----------------+-----
Unarmed Combat | 4 5 |  5.1
Transmutations | 4 |  4.4
Fighting       | |  1.0
Dodging        | |  2.0
Spellcasting   | |  2.0

Action                   |  1- 3 |  4- 6 || total
-------------------------+-------+-------++-------
Melee: Unarmed           |    59 |    59 ||   118
       Constrict         |    13 |    16 ||    29
       Punch             |     6 |     4 ||    10
       Tentacles         |    10 |     5 ||    15
       Kick              |     2 |       ||     2
 Cast: Beastly Appendage |     2 |       ||     2
  Use: Scroll            |       |    10 ||    10
       Potion            |       |     2 ||     2
 Stab: Sleeping          |     4 |     2 ||     6
       Distracted        |     1 |       ||     1
  Eat: Chunk             |     1 |     4 ||     5
Armor: Skin              |     6 |     6 ||    12
Dodge: Dodged            |    44 |    76 ||   120

Vault maps used:
D:1:      shiori_arrival_maze
D:2:      lemuel_doored_altar, chequers_ecumenical_altar_simple_redux,
          uniq_sigmund
D:3:      first_bread
D:4:      lemuel_crystal_altar
